 Dungeon Crawl Stone Soup version 0.29.1-15-g9cfb28693d (webtiles) character file.

Game seed: 11206334188799554647

24086 OhDinosaurWizard the Cleaver (level 12, -18/95 HPs)
             Began as a Demonspawn Fighter on Mar 21, 2023.
             Was an Elder of Yredelemnul.
             Killed from afar by an ice statue (31 damage)
             ... with a bolt of cold
             ... in an ice cave on Mar 22, 2023.
             The game lasted 01:53:16 (12645 turns).

OhDinosaurWizard the Cleaver (Demonspawn Fighter)  Turns: 12645, Time: 01:53:20

Health: -18/95     AC: 28    Str: 21    XL:     12   Next: 77%
Magic:  12/12      EV: 10    Int: 10    God:    Yredelemnul [****..]
Gold:   649        SH: 21    Dex: 19    Spells: 11/11 levels left

rFire   . . .      SeeInvis .   a - +0 war axe (venom)
rCold   . . .      Faith    .   c - +1 buckler
rNeg    . . .      Spirit   .   b - +18 Lear's hauberk
rPois   .          Reflect  +   (helmet currently unavailable)
rElec   .          Harm     .   (no cloak)
rCorr   +          Rampage  .   (gloves currently unavailable)
Will    .....                   (boots currently unavailable)
Stlth   +.........              v - amulet of reflection
HPRegen 0.25/turn               h - +6 ring of dexterity
MPRegen 0.13/turn               H - ring of resist corrosion

@: no status effects
A: antennae 2, large bone plates 3, demonic guardian 1, powered by death 2
a: Renounce Religion, Recall Undead Harvest, Dark Bargain, Drain Life


You were in an ice cave.
You worshipped Yredelemnul.
Yredelemnul was noncommittal.
You visited 3 branches of the dungeon, and saw 13 of its levels.
You also visited: Ossuary and Ice Cave.

You collected 649 gold pieces.

Inventory:

Hand Weapons
 a - a +0 war axe of venom (weapon)
 r - a +3 flail of draining
 w - a +1 spear of venom
 K - a +0 battleaxe of electrocution
Missiles
 i - 36 poisoned darts
 L - 3 throwing nets
Armour
 b - the +18 Lear's hauberk (worn)
   (You found it on level 8 of the Dungeon)
 c - a +1 buckler (worn)
 t - a +0 pair of gloves
 z - a +2 pair of boots
 C - a +1 scale mail of willpower
 I - a +0 pair of boots
Jewellery
 h - a +6 ring of dexterity (left hand)
 j - a +4 ring of evasion
 v - an amulet of reflection (around neck)
 H - a ring of resist corrosion (right hand)
 N - a ring of poison resistance
Wands
 o - a wand of roots (33)
 x - a wand of light (10)
 B - a wand of flame (29) (quivered)
 E - a wand of mindburst (8)
 G - a wand of charming (24)
Scrolls
 p - 2 scrolls of poison
 q - a scroll of fear
 y - 4 scrolls of immolation
 A - 3 scrolls of blinking
 D - a scroll of identify
 F - 3 scrolls of teleportation
 M - a scroll of brand weapon
 O - a scroll of enchant armour
Potions
 d - 2 potions of might
 e - 2 potions of haste
 f - 2 potions of flight
 g - 2 potions of lignification
 k - a potion of mutation
 l - a potion of invisibility
 m - 4 potions of attraction
 n - a potion of magic {unknown}
 s - 7 potions of curing
 u - 4 potions of brilliance
 J - a potion of cancellation
 P - a potion of resistance {unknown}


   Skills:
 * Level 9.0 Fighting
 + Level 11.7(11.8) Axes
 - Level 2.6(7.9) Polearms
 + Level 1.0 Throwing
 + Level 6.8 Armour
 + Level 4.3 Dodging
 - Level 6.3 Stealth
 + Level 10.8 Shields
 - Level 0.1 Evocations


You had 11 spell levels left.
You didn't know any spells.
Your spell library contained the following spells:

 Spells                   Type           Power      Damage    Failure   Level
 Foxfire                  Conj/Fire      0%         2x1d4     98%         1
 Necrotise                Necr           0%         1d4       98%         1
 Sandblast                Erth           0%         2d4       98%         1
 Sting                    Tmut/Pois      0%         1d3       98%         1
 Summon Small Mammal      Summ           0%         N/A       98%         1
 Passwall                 Tmut/Erth      0%         N/A       99%         2
 Static Discharge         Conj/Air       0%         3-3/arc   99%         2
 Sublimation of Blood     Necr           0%         N/A       99%         2
 Wereblood                Tmut           0%         N/A       99%         2
 Stone Arrow              Conj/Erth      0%         3d7       100%        3
 Vampiric Draining        Necr           0%         2d6       100%        3
 Animate Armour           Summ/Erth      0%         N/A       100%        4
 Dispel Undead            Necr           0%         3d6       100%        4
 Sticky Flame             Conj/Fire      0%         2d3       100%        4
 Agony                    Necr           0%         N/A       100%        5
 Summon Hydra             Summ           0%         N/A       100%        7
 Lehudib's Crystal Spear  Conj/Erth      0%         10d2      100%        8


Dungeon Overview and Level Annotations

Branches:
Dungeon (10/15)            Temple (1/1) D:7            Lair (2/5) D:9
Ossuary (visited)           IceCv (1/1)
  Swamp: Lair:2-3    Shoals: Lair:2-3     Snake: Lair:2-3    Spider: Lair:2-3
    Orc: D:9-12

Altars:
Ashenzari
Cheibriados
Dithmenos
Fedhas
Gozag
Hepliaklqana
Kikubaaqudgha
Makhleb
Nemelex Xobeh
Okawaru
Qazlal
Ru
Sif Muna
Trog
Uskayaw
Vehumet
Wu Jian
Xom
Yredelemnul

Shops:
D:1 [   D:3 (

Annotations:
IceCv exclusion: ice statue


Innate Abilities, Weirdness & Mutations

You have a pair of antennae on your head.
You are completely covered in large bone plates. (SH +8)
A weak demonic guardian rushes to your aid.
You regenerate health from kills.


Message History

You closely miss the ice beast. You slash the ice beast!
You are engulfed in freezing vapours.
Your wolf zombie barely misses the ice statue.
The ice beast closely misses your wolf zombie.
Your yak zombie is engulfed in freezing vapours.
Your yak zombie gores the ice beast.
Your wolf zombie bites the ice beast.
Your wolf zombie bites the ice statue but does no damage.
Your yak zombie barely misses the ice beast.
You can now drain ambient life force.
You hit the ice statue but do no damage.
The ice statue is severely damaged.
You slash the ice beast!
You kill the ice beast!
The ice beast disappears in a puff of smoke!
You hit the ice beast.
Your wolf zombie bites the ice beast but does no damage.
You block the ice beast's attack. The ice beast hits your wolf zombie.
Your wolf zombie is destroyed!
Your yak zombie is engulfed in freezing vapours. x2
The ice statue gestures at you. The freezing blast engulfs you.
You barely miss the ice statue.
The ice statue is severely damaged.
You hit the ice beast.
The ice beast is poisoned.
You are engulfed in freezing vapours.
* * * LOW HITPOINT WARNING * * *
A demonic guardian appears!
Your wolf zombie is engulfed in freezing vapours.
Your wolf zombie bites the ice beast.
The ice beast closely misses you. The ice beast hits your yak zombie.
The ice beast freezes your yak zombie.
Your yak zombie resists.
Your yak zombie is engulfed in freezing vapours.
Your wolf zombie is engulfed in freezing vapours.
Your wolf zombie bites the ice beast.
Your yak zombie is engulfed in freezing vapours.
Your yak zombie gores the ice beast.
The ice statue gestures at you. The bolt of cold hits you!!
You die...
Your body rises from the dead as a mindless zombie.

##Z#
##.#
#.## #
#Z# .#
#..##
.#
##Z§##
..#
.ZZ#°.#
#ZZY○.#
#@8○.#
#5Y.##
##☼○#
#☼# ##


You could see an ice statue (ally target), 2 ice beasts, a friendly white imp
(summoned), a friendly wolf zombie, 4 friendly yak zombies and a friendly polar
bear zombie.

Vanquished Creatures
  A hydra (Lair:2)
  Harold (Lair:1)
  3 death yaks (D:9)
  Pikel (D:7)
  A black mamba (Lair:1)
  3 elephants (Lair:1)
  A gargoyle (D:8)
  4 cane toads
  3 komodo dragons
  Grinder (D:3)
  Prince Ribbit (D:6)
  7 polar bears
  8 blink frogs
  Sigmund (D:4)
  A wraith (D:9)
  2 wyverns (Lair:1)
  25 yaks
  Menkaure (Ossuary)
  Edmund (D:4)
  Duvessa (D:5)
  7 water moccasins
  A black bear (D:7)
  A sky beast (D:6)
  An ogre (D:5)
  An orc warrior (D:9)
  12 wolves
  A centaur (D:6)
  A phantom (D:6)
  3 lemures (D:7)
  2 kobold brigands
  Blork the orc (D:5)
  5 bullfrogs
  2 necrophages
  3 scorpions (D:4)
  Dowan (D:5)
  9 killer bees
  2 electric eels (Lair:1)
  4 howler monkeys
  2 jellies
  4 orc priests
  6 hounds
  A gnoll bouda (D:7)
  Terence (D:3)
  3 iguanas
  Ijyb (D:5)
  5 orc wizards
  2 hell rats (D:9)
  3 mummies (Ossuary)
  Robin (D:4)
  11 gnolls
  5 adders
  A river rat (D:9)
  7 white imps (Lair:2)
  2 ufetubi
  2 worm zombies (D:5)
  2 worms
  3 dart slugs
  15 orcs
  8 ball pythons
  13 endoplasms
  2 giant cockroaches (D:4)
  11 goblins
  9 hobgoblins
  10 jackals
  5 quokkas
  2 training dummies (D:5)
  8 bats
  2 frilled lizards
  4 gnoll skeletons (Ossuary)
  3 gnoll zombies (Ossuary)
  6 goblin skeletons (Ossuary)
  8 goblin zombies (Ossuary)
  5 hobgoblin skeletons (Ossuary)
  5 hobgoblin zombies (Ossuary)
  16 kobolds
  3 kobold skeletons (Ossuary)
  2 kobold zombies (Ossuary)
  4 orc skeletons (Ossuary)
  4 orc zombies (Ossuary)
  3 rats (D:3)
  3 rat skeletons (Ossuary)
  3 rat zombies (Ossuary)
  A bush (D:6)
341 creatures vanquished.

Vanquished Creatures (collateral kills)
  A hydra (Lair:1)
  2 elephants (Lair:1)
  A polar bear (IceCv)
  5 blink frogs (Lair:1)
  6 yaks
  2 wyverns
  A water moccasin (Lair:2)
  A black bear (D:5)
  4 wolves
  A lemure (D:7)
  2 bullfrogs (Lair:1)
  5 killer bees (D:9)
  An orc wizard (D:9)
  A hell rat (D:9)
  3 river rats (D:9)
  5 white imps (Lair:2)
  A dart slug (D:9)
  An orc (D:9)
  A rat (D:9)
44 creatures vanquished.

Vanquished Creatures (others)
  2 cane toad zombies
  2 elephant zombies (Lair:1)
  2 blink frog zombies (Lair:2)
  A wyvern zombie (Lair:1)
  2 water moccasin zombies (Lair:2)
  3 polar bear zombies
  9 yak zombies
  2 bullfrog zombies
  6 wolf zombies (IceCv)
  2 killer bee zombies
  A hell rat zombie (D:9)
  A spectral electric eel (Lair:1)
  3 spectral white imps (Lair:2)
  A river rat zombie (D:9)
  A kobold zombie (D:9)
  An orc zombie (D:9)
  15 fungi
  12 plants
66 creatures vanquished.

Grand Total: 451 creatures vanquished

Notes
Turn   | Place    | Note
-------+----------+-------------------------------------------
     0 | D:1      | OhDinosaurWizard the Demonspawn Fighter began the quest for
                  | the Orb.
     0 | D:1      | Reached XP level 1. HP: 18/18 MP: 1/1
   275 | D:1      | Gained mutation: You are partially covered in large bone
                  | plates. (SH +4) [demonic ancestry]
   275 | D:1      | Reached XP level 2. HP: 24/24 MP: 2/2
   292 | D:1      | Found a faded altar of an unknown god.
   296 | D:1      | Found Omurhurr's Armour Emporium.
   607 | D:1      | Reached skill level 2 in Axes
  1204 | D:2      | Gained mutation: You are mostly covered in large bone
                  | plates. (SH +6) [demonic ancestry]
  1204 | D:2      | Reached XP level 3. HP: 12/29 MP: 3/3
  1893 | D:2      | Got A Beginning Course on Sorcery
  2313 | D:3      | Reached skill level 3 in Axes
  2313 | D:3      | Gained mutation: You are completely covered in large bone
                  | plates. (SH +8) [demonic ancestry]
  2313 | D:3      | Reached XP level 4. HP: 28/35 MP: 4/4
  2610 | D:3      | Noticed Grinder
  2625 | D:3      | Killed Grinder
  2626 | D:3      | Reached skill level 4 in Axes
  2626 | D:3      | Reached skill level 1 in Dodging
  2626 | D:3      | Gained mutation: You regenerate a little health from kills.
                  | [demonic ancestry]
  2626 | D:3      | Reached XP level 5. HP: 21/42 MP: 5/5
  2626 | D:3      | Gained mutation: You have a pair of small antennae on your
                  | head. [demonic ancestry]
  2626 | D:3      | Reached XP level 6. HP: 24/48 MP: 6/6
  2911 | D:3      | Found Icaano's Weapon Boutique.
  2967 | D:3      | Noticed Terence
  2972 | D:3      | Killed Terence
  3657 | D:4      | Noticed Sigmund
  3923 | D:4      | Noticed Robin
  3940 | D:4      | Killed Robin
  4057 | D:4      | Reached XP level 7. HP: 53/53 MP: 7/7
  4061 | D:4      | Noticed Edmund
  4099 | D:4      | Killed Edmund
  4100 | D:4      | Reached skill level 5 in Axes
  4255 | D:5      | Entered Level 5 of the Dungeon
  4353 | D:5      | Found a sand-covered staircase.
  4393 | Ossuary  | Entered an ossuary
  4395 | Ossuary  | Reached XP level 8. HP: 60/60 MP: 8/8
  4690 | Ossuary  | Noticed Menkaure
  4704 | Ossuary  | Killed Menkaure
  4705 | Ossuary  | Reached skill level 6 in Axes
  4705 | Ossuary  | Reached skill level 5 in Shields
  4846 | D:5      | Noticed Duvessa
  4846 | D:5      | Noticed Dowan
  4869 | D:5      | Killed Duvessa
  5180 | D:4      | Killed Sigmund
  5308 | D:4      | Found an ornate altar of the Wu Jian Council.
  5502 | D:5      | Reached skill level 1 in Polearms
  5598 | D:5      | Noticed Ijyb
  5612 | D:5      | Killed Ijyb
  5733 | D:5      | Killed Dowan
  5862 | D:5      | Noticed Blork the orc
  5875 | D:5      | Killed Blork the orc
  5883 | D:5      | Reached XP level 9. HP: 47/67 MP: 9/9
  5999 | D:5      | Reached skill level 5 in Fighting
  6086 | D:6      | Reached skill level 1 in Throwing
  6428 | D:6      | Found an iron altar of Okawaru.
  6722 | D:6      | Found a blossoming altar of Fedhas.
  6734 | D:6      | Reached skill level 1 in Stealth
  6852 | D:6      | Noticed Prince Ribbit
  6889 | D:6      | Killed Prince Ribbit
  6890 | D:6      | Reached skill level 7 in Axes
  7403 | D:7      | Found a staircase to the Ecumenical Temple.
  7412 | Temple   | Entered the Ecumenical Temple
  7483 | Temple   | Became a worshipper of Yredelemnul the Dark
  7815 | D:7      | Noticed Pikel
  7820 | D:7      | Killed Pikel
  7999 | D:7      | Reached * piety under Yredelemnul
  8160 | D:8      | Found the +18 Lear's hauberk
  8211 | D:8      | You fall into a shaft and drop 2 floors!
  8211 | D:10     | Entered Level 10 of the Dungeon
  8355 | D:9      | Reached ** piety under Yredelemnul
  8355 | D:9      | Gained mutation: You regenerate health from kills. [demonic
                  | ancestry]
  8355 | D:9      | Reached XP level 10. HP: 57/74 MP: 10/10
  8366 | D:9      | Reached *** piety under Yredelemnul
  8367 | D:9      | Reached skill level 8 in Axes
  8424 | D:9      | Noticed a death yak
  8428 | D:9      | Noticed a death yak
  8429 | D:9      | Noticed a death yak
  8445 | D:9      | Reached skill level 5 in Armour
  8447 | D:9      | Killed a death yak
  8448 | D:9      | Reached **** piety under Yredelemnul
  8450 | D:9      | Reached ***** piety under Yredelemnul
  8450 | D:9      | Killed a death yak
  8453 | D:9      | Killed a death yak
  8454 | D:9      | Found a staircase to the Lair.
  8456 | D:9      | Reached ****** piety under Yredelemnul
  8549 | D:9      | Found a snail-covered altar of Cheibriados.
  8726 | D:9      | Reached skill level 5 in Stealth
  8753 | D:9      | Reached skill level 9 in Axes
  9087 | D:8      | Noticed a gargoyle
  9107 | D:8      | Killed a gargoyle
  9116 | D:8      | Found an opulent altar of Gozag.
  9118 | D:8      | Found a sacrificial altar of Ru.
  9710 | Lair:1   | Entered Level 1 of the Lair of Beasts
  9837 | Lair:1   | Noticed a black mamba
  9860 | Lair:1   | Killed a black mamba
  9861 | Lair:1   | Gained mutation: You have a pair of antennae on your head.
                  | [demonic ancestry]
  9861 | Lair:1   | Reached XP level 11. HP: 30/81 MP: 11/11
 10522 | Lair:1   | Reached skill level 10 in Axes
 11070 | Lair:1   | Noticed a four-headed hydra
 11078 | Lair:1   | Killed a nine-headed hydra
 11242 | Lair:1   | Noticed Harold
 11271 | Lair:1   | Killed Harold
 11442 | Lair:2   | Gained mutation: A weak demonic guardian rushes to your
                  | aid. [demonic ancestry]
 11442 | Lair:2   | Reached XP level 12. HP: 91/91 MP: 12/12
 11633 | Lair:2   | Noticed a six-headed hydra
 11639 | Lair:2   | Reached skill level 11 in Axes
 11671 | Lair:2   | Killed a 19-headed hydra
 11672 | Lair:2   | Reached skill level 10 in Shields
 11716 | Lair:2   | Found a frozen archway.
 11733 | IceCv    | Entered an ice cave
 12645 | IceCv    | Killed from afar by an ice statue

Illustrated notes

Levels and vault maps discovered:
D:1:      nzn_arrival_settlement, layout_loops_corners,
          ebering_ecumenical_altar_box, serial_shops, shop
D:2:      layout_basic, kennysheep_nub, minmay_pentomino_o4
D:3:      layout_basic, serial_shops, nicolae_lakefront_shop,
          minmay_fountain_box, minmay_misc_feat_room, uniq_grinder, uniq_terence
D:4:      layout_rooms, nzn_wu_jian_council_hall, uniq_edmund, uniq_sigmund,
          uniq_robin
D:5:      dreamdust_elfheim, layout_rooms, enter_ossuary_3,
          grunt_decor_resistance, uniq_blork_the_orc, uniq_ijyb
D:6:      layout_basic, fedhas_bush_and_centaur_altar,
          mainiacjoe_overflow_brackets, skrybe_limestone_x, uniq_prince_ribbit1
D:7:      layout_basic, minmay_temple_entry_trees, uniq_pikel
D:8:      layout_loops_cross, jmf_multi_god_temple,
          hangedman_abyss_or_decor_lesser_grid
D:9:      layout_roguey, kennysheep_slug_shrine, dpeg_lair_monsters,
          hangedman_decor_points
D:10:     layout_layer_cave, uniq_psyche
Temple:   nicolae_temple_x_marks_the_god
Lair:1:   layout_roguey, dpeg_stationary_puzzle, infiniplex_staircase_pool_2,
          grunt_megastairs_2, uniq_harold
Lair:2:   layout_small_grid, portal_ice_cave_entry_imps, ebering_ghost_xom,
          grunt_megastairs_3
IceCv:    ice_cave_caverns_01

Skill      XL: |  1  2  3  4  5  6  7  8  9 10 11 12 |
---------------+-------------------------------------+-----
Shields        | 3 4 5 7 8 9 10 | 10.8
Axes           | 2 3 4 5 6 7 9 10 11 | 11.7
Armour         | 3 4 5 6 |  6.8
Dodging        | 1 2 3 4 |  4.3
Fighting       | 4 5 6 7 9 |  9.0
Polearms       | 2 |  2.6
Throwing       | 1 |  1.0
Stealth        | 3 5 6 |  6.3
Evocations     | |  0.1

Action                   |  1- 3 |  4- 6 |  7- 9 | 10-12 || total
-------------------------+-------+-------+-------+-------++-------
Melee: War axe           |   110 |   121 |   466 |   545 ||  1242
       Spear             |       |       |   112 |       ||   112
Throw: Dart              |       |     5 |    14 |       ||    19
Evoke: Wand              |       |       |     2 |     7 ||     9
  Use: Scroll            |     6 |     2 |    11 |     6 ||    25
       Potion            |       |     2 |     1 |     7 ||    10
 Stab: Distracted        |       |       |     1 |    12 ||    13
Armor: Scale mail        |    51 |    36 |    68 |       ||   155
       Chain mail        |       |       |     7 |   289 ||   296
Dodge: Dodged            |    42 |    49 |    89 |   152 ||   332
Block: Buckler           |    57 |   124 |   453 |   659 ||  1293
       Reflection        |       |     1 |    14 |     7 ||    22
